 Dungeon Crawl Stone Soup version 0.17-a0-2118-g63bad21 (webtiles) character file.

44 matakusis the Stinger (level 3, -6/24 HPs)
             Began as a Demonspawn Venom Mage on Oct 20, 2015.
             Mangled by Sigmund
             ... wielding a +2 scythe of venom
              (9 damage)
             ... on level 2 of the Dungeon.
             The game lasted 00:06:51 (1548 turns).

matakusis the Stinger (Demonspawn Venom Mage)       Turns: 1548, Time: 00:06:51

Health: -6/24      AC:  0    Str:  8    XL:     3   Next: 39%
Magic:  6/6        EV: 19    Int: 16    God:
Gold:   75         SH:  0    Dex: 14    Spells: 1 memorised, 5 levels left

rFire  . . .     SeeInvis .     (weapon currently unavailable)
rCold  . . .     Clarity  .     (armour currently unavailable)
rNeg   . . .     SustAt   .     (shield currently unavailable)
rPois  .         Gourm    .     (helmet currently unavailable)
rElec  .         Spirit   .     (cloak currently unavailable)
rCorr  .         Warding  .     (gloves currently unavailable)
rMut   .         Stasis   .     (boots currently unavailable)
MR     .....                    (amulet currently unavailable)
Stlth  ++........               (ring currently unavailable)
                                (ring currently unavailable)

@: porcupine-form, quick, not resistant to hostile enchantments, unstealthy
A: rot immunity
a: no special abilities


You were on level 2 of the Dungeon.
You were not hungry.
You were a spiny porcupine.
You visited 1 branch of the dungeon, and saw 2 of its levels.

You collected 75 gold pieces.

Inventory:

Hand Weapons
 g - a +0 short sword (melded)
Armour
 a - a +0 robe (melded)
Scrolls
 e - 3 scrolls of remove curse {unknown}
 h - 2 scrolls of identify {unknown}
 i - a scroll of magic mapping {unknown}
 k - a scroll of blinking {unknown}
 l - a scroll of recharging {unknown}
Potions
 f - a potion of flight {unknown}
 j - a potion of might {unknown}
Books
 b - a Young Poisoner's Handbook

   Spells                             Type                      Level
   a - Sting                          Conjuration/Poison           1
   b - Cure Poison                    Poison                       2
   c - Mephitic Cloud                 Conjuration/Poison/Air       3
   d - Olgreb's Toxic Radiance        Poison                       4
   e - Venom Bolt                     Conjuration/Poison           5
Comestibles
 c - 3 bread rations
 d - a meat ration


   Skills:
 + Level 2.2 Dodging
 * Level 2.2 Stealth
 + Level 2.2 Spellcasting
 + Level 0.2 Conjurations
 + Level 4.5 Poison Magic


You had 5 spell levels left.
You knew the following spells:

 Your Spells              Type           Power        Failure   Level  Hunger
a - Sting                 Conj/Pois      #...         10%         1    #......


Dungeon Overview and Level Annotations

Branches:
Dungeon (2/15)

Altars:
Zin

Annotations:
D:2 Sigmund


Innate Abilities, Weirdness & Mutations

You are immune to rotting.


Message History

Something tries to affect you, but you resist.
You are confused.
You hear a zap.
You turn into a spiny porcupine.
Your +0 short sword melds into your body.
Your +0 robe melds into your body.
The giant gecko bites you.
You hear a zap.
A puff of flame appears from out of thin air!
The puff of flame hits you! The giant gecko bites you.
* * * LOW HITPOINT WARNING * * *
You bump into the rock wall.
You hear a zap.
The giant gecko misses you. The giant gecko barely misses you.
You barely miss the giant gecko.
You feel less confused. The giant gecko bites you.
* * * LOW HITPOINT WARNING * * *
Something hits you!
You die...

#.#....l..#..#
#.#.......#..#
###....._......
...#.....%.#l>
..#.......#{# #.
#.....# .##
###.####.####..####
#...............>.#
.
#.......lr...####.#
...#...............#
..(......####...#.##
#.##........#.###.#
. #####....#......
..## #.......## ##
... #..........
#.##.....#####
...#........#


You could see a giant gecko.

Vanquished Creatures
  An adder (D:2)
  An ooze (D:1)
  A worm (D:2)
  3 bats
  8 hobgoblins
  3 giant cockroaches
  A giant newt (D:1)
  3 goblins (D:1)
  2 kobolds (D:1)
  5 rats (D:1)
28 creatures vanquished.

Vanquished Creatures (others)
  A fungus (D:2)
1 creature vanquished.

Grand Total: 29 creatures vanquished

Notes
Turn   | Place    | Note
--------------------------------------------------------------
     0 | D:1      | matakusis the Demonspawn Venom Mage began the quest for the Orb.
     0 | D:1      | Reached XP level 1. HP: 13/13 MP: 3/3
   278 | D:1      | Gained mutation: You are immune to rotting. [demonic ancestry]
   278 | D:1      | Reached XP level 2. HP: 13/19 MP: 0/5
   954 | D:2      | Reached XP level 3. HP: 15/24 MP: 2/6
  1382 | D:2      | Noticed Sigmund
  1522 | D:2      | Found a glowing silver altar of Zin.
  1548 | D:2      | Mangled by Sigmund

Vault maps used:
D:1:      elethiomel_arrival_shortcut, minmay_curled_crystal
D:2:      old_standard_altar, serial_glass, glass_columns_a, glass_columns_c,
          minmay_gold_behind_fungi, uniq_iyjb, uniq_sigmund

Action                   || total
-------------------------++-------
Melee: Unarmed           ||    10
       Short sword       ||    45
 Cast: Sting             ||    37
 Stab: Sleeping          ||     7
  Eat: Chunk             ||     3
